Map: Emerald City LE

Players

Throwfordays - Winner!

  • Race: Protoss Protoss
  • League: Silver
  • Spawn Location: 5:00

Cthulhu - Winner!

  • Race: Zerg Zerg
  • Spawn Location: 5:00

luber

  • Race: Zerg Zerg
  • League: Gold
  • Spawn Location: 11:00

JAKIRO

  • Race: Protoss Protoss
  • League: Platinum
  • Spawn Location: 11:00

VOD

Have the link to the VOD?

Description

Time

  • Played on: March 25, 2019, 3:06 p.m.
  • Length: 14:59
Show
View Real Time Build Order
Export as new Build Order

Throwfordays Protoss - Winner!

Build Orders: Nexus First 

Get SALT Encoding   

  12  0:01  Probe  
  13  0:13  Probe  
  14  0:25  Probe  
  15  0:46  Nexus  
  15  1:03  Pylon  
  15  1:19  Assimilator  
  15  1:21  Probe  
  16  1:27  Gateway  
  16  1:33  Gateway, Probe  
  17  1:40  Forge  
  17  1:47  Probe  
  18  1:54  Probe  
  18  2:00  Probe  
  20  2:02  Probe  
  21  2:12  Probe x2  
  23  2:17  Zealot  
  25  2:23  Zealot  
  25  2:24  Probe  
  28  2:31  Pylon  
  28  2:36  Probe  
  29  2:48  Probe  
  30  2:59  Cybernetics Core  
  30  3:05  Photon Cannon  
  30  3:08  Photon Cannon  
  30  3:16  Photon Cannon  
  30  3:22  Pylon  
  30  3:27  Probe  
  31  3:28  Nexus  
  31  3:31  Warp Gate  
  31  3:38  Pylon  
  31  3:39  Probe  
  32  3:47  Assimilator  
  32  3:50  Pylon  
  32  3:54  Probe  
  33  3:58  Photon Cannon  
  33  4:05  Photon Cannon  
  33  4:06  Probe  
  34  4:18  Probe  
  34  4:21  Photon Cannon  
  35  4:26  Photon Cannon  
  35  4:30  Probe  
  35  4:31  Probe  
  37  4:36  Probe  
  37  4:42  Probe  
  37  4:43  Probe  
  37  4:44  Probe  
  41  4:54  Probe x2  
  41  4:55  Probe  
  44  5:03  Assimilator  
  44  5:06  Probe x2  
  46  5:08  Assimilator  
  46  5:10  Pylon  
  46  5:11  Pylon  
  46  5:14  Pylon  
  46  5:15  Pylon  
  46  5:18  Probe x2  
  46  5:19  Pylon  
  46  5:20  Protoss Shields Level 1  
  48  5:33  Cybernetics Core  
  48  5:36  Protoss Air Weapons Level 1  
  48  5:44  Twilight Council  
  48  5:45  Stargate  
  48  5:47  Stargate  
  48  5:48  Assimilator  
  48  5:50  Assimilator  
  48  5:55  Probe x2  
  50  5:57  Probe  
  50  6:03  Probe  
  51  6:07  Probe  
  51  6:09  Probe  
  54  6:12  Probe  
  55  6:19  Stargate, Probe  
  55  6:21  Probe  
  55  6:25  Probe  
  58  6:37  Probe  
  58  6:38  Protoss Air Armor Level 1  
  58  6:39  Probe  
  60  6:43  Probe  
  61  6:49  Probe  
  61  6:51  Probe  
  63  6:55  Probe  
  63  6:57  Fleet Beacon  
  63  7:01  Probe  
  65  7:03  Probe  
  65  7:07  Probe  
  67  7:09  Void Ray  
  67  7:13  Probe  
  72  7:17  Void Ray  
  76  7:24  Photon Cannon  
  76  7:25  Photon Cannon, Probe  
  76  7:28  Photon Cannon  
  77  7:30  Photon Cannon  
  77  7:34  Photon Cannon  
  77  7:37  Probe  
  77  7:42  Photon Cannon  
  78  7:46  Photon Cannon  
  78  7:48  Photon Cannon  
  78  7:49  Probe  
  78  7:50  Void Ray  
  79  7:51  Photon Cannon  
  79  7:57  Probe  
  74  8:04  Void Ray  
  74  8:05  Probe  
  77  8:07  Void Ray  
  82  8:16  Probe x2  
  84  8:28  Probe x2  
  86  8:37  Phoenix  
  86  8:40  Anion Pulse-Crystals, Probe  
  89  8:47  Void Ray  
  93  8:49  Protoss Air Weapons Level 2  
  93  8:50  Phoenix  
  93  8:52  Probe  
  96  9:02  Phoenix  
  96  9:04  Probe  
  99  9:11  Stargate  
  99  9:15  Phoenix  
  101  9:30  Phoenix  
  103  9:37  Nexus, Phoenix  
  105  9:40  Pylon, Phoenix  
  105  9:43  Pylon  
  105  9:45  Assimilator  
  107  9:48  Assimilator  
  107  9:52  Stargate  
  107  9:55  Phoenix  
  109  10:02  Phoenix x2, Protoss Air Armor Level 2  
  113  10:21  Pylon  
  113  10:23  Pylon  
  113  10:24  Pylon  
  113  10:26  Pylon, Photon Cannon  
  113  10:27  Pylon  
  113  10:29  Pylon  
  113  10:30  Photon Cannon  
  113  10:31  Pylon  
  113  10:37  Photon Cannon  
  113  10:38  Probe  
  113  10:41  Photon Cannon  
  114  10:50  Probe  
  114  10:56  Probe  
  116  11:02  Probe  
  117  11:08  Probe  
  118  11:12  Protoss Shields Level 2  
  118  11:17  Void Ray x2  
  118  11:18  Void Ray x3  
  134  11:20  Probe  
  139  11:32  Probe  
  140  11:33  Protoss Air Weapons Level 3  
  140  11:44  Probe  
  141  12:02  Void Ray x2  
  141  12:03  Void Ray x3  
  153  12:46  Void Ray x2  
  153  12:47  Void Ray x3  
Show
View Real Time Build Order
Export as new Build Order

Cthulhu Zerg - Winner!

Build Orders: Hatch First, Lurkers 

Get SALT Encoding   

  12  0:01  Drone  
  13  0:09  Drone  
  14  0:17  Extractor  
  14  0:18  Drone  
  15  0:22  Overlord  
  15  0:41  Drone  
  15  0:42  Drone  
  17  0:51  Drone  
  18  0:58  Hatchery  
  18  1:01  Drone  
  18  1:16  Drone  
  19  1:22  Spawning Pool  
  18  1:26  Extractor  
  18  1:27  Drone  
  18  1:29  Drone  
  19  1:39  Drone  
  20  1:53  Drone  
  21  2:04  Drone  
  22  2:13  Drone x2  
  24  2:22  Extractor, Drone x2  
  25  2:29  Lair  
  25  2:38  Zergling x2, Drone  
  25  2:43  Overlord  
  27  2:52  Drone  
  28  3:01  Queen  
  30  3:06  Drone x3  
  30  3:07  Drone  
  34  3:16  Drone  
  34  3:17  Drone  
  36  3:26  Drone  
  36  3:34  Extractor  
  36  3:35  Extractor  
  36  3:37  Drone x2  
  36  3:40  Overlord  
  36  3:48  Evolution Chamber  
  35  3:49  Drone  
  35  3:50  Overlord  
  36  3:58  Queen, Metabolic Boost  
  38  4:13  Drone x4  
  42  4:26  Hydralisk Den  
  42  4:28  Zerg Ground Armor Level 1  
  41  4:31  Queen  
  41  4:34  Drone  
  41  4:35  Drone x5  
  49  4:59  Overlord x2  
  49  5:00  Hydralisk  
  49  5:02  Zergling x2  
  52  5:26  Overseer  
  52  5:31  Hydralisk x2  
  52  5:32  Hydralisk x6  
  68  5:35  Grooved Spines  
  68  5:39  Hatchery, Overlord  
  67  5:47  Zergling x2  
  67  6:02  Hydralisk x4  
  67  6:04  Overlord x2  
  75  6:22  Hydralisk  
  75  6:23  Hydralisk x3  
  83  6:29  Drone x2  
  85  6:41  Hydralisk x2  
  85  6:45  Zerg Missile Weapons Level 1  
  89  6:47  Muscular Augments  
  89  6:54  Lurker Den  
  88  6:59  Drone, Evolution Chamber  
  88  7:07  Hatchery  
  87  7:27  Spore Crawler  
  87  7:28  Spore Crawler x2  
  84  7:34  Spore Crawler x2  
  84  7:36  Spore Crawler, Overlord x3  
  84  7:37  Overlord  
  80  7:39  Spore Crawler  
  79  7:45  Drone  
  79  7:46  Drone  
  79  7:47  Drone  
  82  7:57  Drone  
  82  7:58  Drone x6  
  89  8:06  Spore Crawler  
  88  8:16  Spore Crawler, Drone  
  88  8:17  Queen, Drone  
  88  8:19  Queen  
  93  8:20  Drone  
  93  8:24  Overlord  
  93  8:25  Drone x4  
  93  8:26  Drone x2  
  100  8:43  Spore Crawler  
  100  8:44  Drone  
  100  8:45  Drone x3  
  103  8:55  Zerg Ground Armor Level 2, Infestation Pit, Zerg Missile Weapons Level 2  
  102  9:01  Hydralisk x4  
  110  9:14  Pneumatized Carapace  
  110  9:20  Extractor x2  
  108  9:30  Drone x4  
  108  9:31  Drone x6, Overlord x4  
  118  9:37  Spore Crawler  
  117  9:44  Spore Crawler  
  116  10:00  Hive  
  116  10:01  Burrow  
  116  10:03  Overlord  
  116  10:04  Hydralisk x7  
  116  10:07  Zergling x4  
  131  10:08  Drone  
  131  10:09  Drone  
  131  10:11  Drone x2  
  131  10:13  Drone  
  138  10:14  Drone  
  136  10:48  Drone x6  
  142  10:54  Extractor  
  139  10:59  Extractor  
  138  11:10  Adaptive Talons  
  138  11:20  Zerg Ground Armor Level 3, Zerg Missile Weapons Level 3  
  138  11:23  Overlord x4  
  138  11:24  Overlord, Hydralisk x11  
  160  11:27  Overlord  
  143  12:16  Zergling x24  
  143  12:17  Zergling x8  
  141  12:44  Zergling x14  
  140  12:45  Zergling x2  
  147  12:55  Lurker  
  147  12:57  Lurker  
  149  12:58  Lurker  
  149  12:59  Lurker  
  149  13:01  Lurker  
  148  13:19  Overseer  
Show
View Real Time Build Order
Export as new Build Order

luber Zerg 

Build Orders: Pool First, Brood Lord Corruptor 

Get SALT Encoding   

  12  0:03  Drone  
  13  0:13  Overlord  
  13  0:23  Drone  
  14  0:36  Spawning Pool  
  14  0:39  Drone  
  14  0:43  Drone  
  14  0:46  Drone  
  16  0:53  Drone  
  17  1:00  Extractor  
  17  1:01  Drone  
  17  1:23  Drone, Hatchery  
  18  1:25  Drone  
  18  1:33  Drone  
  19  1:40  Queen  
  21  1:59  Drone  
  22  2:10  Extractor, Roach Warren  
  22  2:15  Drone  
  21  2:33  Overlord  
  21  2:36  Drone  
  23  2:37  Drone  
  23  2:41  Extractor  
  23  2:42  Drone  
  23  2:44  Queen  
  23  2:51  Roach  
  27  2:57  Drone  
  28  3:00  Roach  
  30  3:06  Overlord, Roach x2  
  34  3:26  Roach x2  
  38  3:33  Lair  
  38  3:34  Drone x3  
  41  3:41  Drone x2  
  43  4:02  Overlord x2  
  43  4:06  Drone  
  44  4:12  Pneumatized Carapace  
  44  4:21  Drone x3  
  47  4:32  Roach  
  47  4:33  Roach x2  
  53  4:39  Drone x4  
  57  4:46  Spore Crawler  
  57  4:52  Glial Reconstitution  
  56  4:55  Drone  
  56  4:58  Hydralisk Den  
  56  5:01  Hatchery  
  55  5:07  Spire  
  55  5:09  Drone  
  55  5:12  Drone  
  55  5:14  Drone  
  57  5:20  Drone x3  
  60  5:33  Overseer  
  60  6:15  Infestation Pit  
  60  6:16  Infestation Pit  
  59  6:19  Nydus Network  
  59  6:22  Mutalisk x3  
  64  6:28  Drone x2  
  64  6:31  Extractor  
  65  6:40  Evolution Chamber  
  65  6:46  Spore Crawler  
  63  6:47  Drone x3  
  63  6:51  Overlord  
  66  7:02  Overlord x2  
  66  7:09  Hydralisk x3  
  66  7:10  Hydralisk  
  74  7:37  Drone x3  
  74  7:39  Queen  
  74  7:44  Burrow, Corruptor x3  
  85  7:53  Grooved Spines  
  85  7:54  Tunneling Claws  
  85  8:05  Drone x2  
  87  8:07  Overlord x2  
  87  8:12  Evolution Chamber  
  86  8:13  Zerg Ground Armor Level 1  
  86  8:17  Hive  
  86  8:23  Drone x3  
  89  8:34  Corruptor x2  
  89  8:38  Drone x3  
  96  8:42  Extractor  
  96  8:43  Extractor  
  94  8:58  Zerg Missile Weapons Level 1  
  94  9:02  Corruptor  
  94  9:05  Muscular Augments  
  94  9:09  Drone  
  97  9:29  Mutalisk x3  
  103  9:35  Drone  
  104  9:44  Hatchery  
  103  10:03  Corruptor  
  103  10:04  Drone  
  103  10:06  Overlord x2  
  106  10:14  Zerg Ground Armor Level 2  
  106  10:20  Greater Spire  
  94  11:15  Overlord  
  94  11:16  Overlord  
  94  11:17  Corruptor x6  
  94  11:18  Corruptor  
  106  11:24  Corruptor x2  
  106  11:25  Corruptor  
  114  11:31  Spire  
  113  11:40  Zerg Missile Weapons Level 2  
  115  11:48  Drone x2  
  115  11:49  Drone  
  73  12:16  Brood Lord x2  
  73  12:17  Brood Lord x2  
  73  12:20  Drone x2  
  73  12:21  Drone  
  84  12:23  Drone  
  84  12:24  Drone x2  
  84  12:27  Extractor  
  86  12:30  Brood Lord  
  86  12:36  Overlord x3  
  88  12:57  Brood Lord x2  
  81  13:47  Brood Lord  
  83  13:50  Overseer  
  27  14:27  Corruptor x6  
  31  14:36  Spine Crawler  
  31  14:38  Spore Crawler  
Show
View Real Time Build Order
Export as new Build Order

JAKIRO Protoss 

Build Orders: 1 Gate Expand 

Get SALT Encoding   

  12  0:01  Probe  
  13  0:20  Probe  
  13  0:21  Pylon  
  13  0:28  Probe  
  15  0:38  Probe  
  16  0:47  Gateway  
  16  0:49  Assimilator  
  16  0:50  Probe  
  17  1:02  Probe  
  18  1:27  Nexus  
  18  1:49  Cybernetics Core  
  18  2:03  Gateway  
  18  2:05  Probe  
  18  2:14  Probe  
  19  2:16  Pylon  
  19  2:17  Assimilator  
  20  2:23  Probe  
  20  2:29  Warp Gate  
  21  2:35  Adept, Probe  
  22  2:40  Adept  
  22  2:43  Probe  
  23  2:48  Probe  
  28  2:55  Probe  
  29  3:02  Pylon  
  28  3:07  Probe  
  29  3:17  Shield Battery  
  29  3:19  Probe  
  30  3:23  Pylon  
  30  3:30  Robotics Facility  
  30  3:32  Shield Battery  
  30  3:37  Probe x2  
  30  3:41  Assimilator  
  32  3:48  Stargate  
  32  3:49  Probe x2  
  32  3:53  Sentry  
  36  4:05  Gateway  
  36  4:08  Forge  
  36  4:15  Assimilator  
  36  4:16  Probe  
  37  4:18  Pylon  
  37  4:19  Probe  
  37  4:21  Observer  
  39  4:27  Stalker  
  39  4:30  Sentry  
  43  4:44  Oracle  
  46  4:56  Pylon  
  46  4:58  Probe x2  
  48  5:01  Pylon  
  48  5:10  Probe x2  
  50  5:21  Observer  
  50  5:22  Probe x2  
  52  5:34  Probe x2  
  54  5:37  Immortal  
  54  5:41  Stalker  
  56  5:45  Zealot  
  56  5:46  Probe x2  
  56  5:49  Oracle  
  67  5:58  Probe x2  
  69  6:14  Twilight Council  
  69  6:17  Pylon, Observer  
  70  6:20  Pylon, Photon Cannon  
  70  6:30  Photon Cannon, Gateway  
  70  6:34  Pylon  
  70  6:36  Photon Cannon  
  70  6:38  Void Ray  
  70  6:39  Robotics Facility  
  74  6:59  Stargate  
  74  7:08  Stalker  
  80  7:15  Immortal  
  80  7:21  Void Ray  
  84  7:38  Charge  
  84  7:42  Warp Prism  
  86  7:44  Void Ray  
  90  8:15  Void Ray  
  94  8:21  Protoss Ground Weapons Level 1  
  94  8:27  Void Ray  
  94  8:33  Observer  
  99  8:34  Observer  
  99  8:37  Zealot x3  
  99  8:38  Zealot  
  108  8:43  Protoss Air Weapons Level 1  
  108  9:02  Nexus  
  107  9:04  Pylon  
  107  9:07  Pylon  
  107  9:09  Assimilator  
  107  9:14  Assimilator  
  107  9:17  Pylon  
  107  9:22  Void Ray, Immortal  
  115  9:36  Shield Battery  
  115  9:38  Photon Cannon  
  115  9:41  Photon Cannon  
  115  9:44  Photon Cannon  
  115  9:45  Probe  
  115  9:47  Shield Battery, Gateway  
  115  9:49  Gateway  
  117  9:52  Probe  
  117  9:53  Probe  
  118  10:02  Probe  
  118  10:05  Probe  
  120  10:14  Probe  
  120  10:17  Probe  
  122  10:29  Probe  
  120  10:40  Probe  
  121  10:52  Probe  
  119  11:05  Protoss Shields Level 1, Probe  
  120  11:17  Probe  
  121  11:21  Void Ray x2  
  121  11:23  Protoss Air Armor Level 1  
  129  11:26  Zealot x3  
  129  11:27  Zealot, Stalker  
  129  11:28  Stalker  
  141  11:34  Templar Archives  
  141  11:36  Gateway  
  141  11:39  Pylon  
  141  11:41  Pylon  
  141  11:45  Pylon  
  141  11:48  Pylon  
  141  11:52  Pylon  
  141  12:25  Void Ray x2  
  97  12:43  Psionic Storm  
  77  12:48  High Templar x4  
  77  12:49  High Templar x2  
  77  12:50  High Templar  
  91  12:56  Archon x3  
  77  13:08  Void Ray x2  
  75  13:23  Stalker x3  
  75  13:24  Stalker x2  
  43  13:51  Void Ray x2  
Tags
 
Add a new tag
Caveats
  • Supply blocks, unpowered buildings, or Contaminate may cause inaccurate times.
  • Supply counts are checked every 10 seconds.